 Dungeon Crawl Stone Soup version 0.30-a0-629-gd54f4be4f7 (webtiles) character file.

Game seed: 13005326005345121748

23 acebull12 the Trooper (level 2, -3/24 HPs)
             Began as a Demonspawn Fighter on Jan 12, 2023.
             Slain by Terence
             ... wielding a +0 trident
              (4 damage)
             ... on level 2 of the Dungeon.
             The game lasted 00:01:04 (706 turns).

acebull12 the Trooper (Demonspawn Fighter)           Turns: 706, Time: 00:01:05

Health: -3/24      AC:  6    Str: 16    XL:     2   Next: 72%
Magic:  2/2        EV: 10    Int:  9    God:
Gold:   60         SH:  4    Dex: 12    Spells: 1/1 levels left

rFire   . . .      SeeInvis .    a - +0 long sword
rCold   . . .      Faith    .    c - +0 buckler
rNeg    . . .      Spirit   .    b - +0 scale mail
rPois   .          Reflect  .    (no helmet)
rElec   .          Harm     .    (no cloak)
rCorr   .          Rampage  .    (no gloves)
Will    .....                    (no boots) Stlth
                                 (no amulet)
HPRegen 0.24/turn                (no ring)
MPRegen 0.08/turn                (no ring)

@: lethally poisoned (-3 -> -8)
A: repulsion field 1
a: no special abilities


You were on level 2 of the Dungeon.
You visited 1 branch of the dungeon, and saw 2 of its levels.

You collected 60 gold pieces.

Inventory:

Hand Weapons
 a - a +0 long sword (weapon)
Armour
 b - a +0 scale mail (worn)
 c - a +0 buckler (worn)
Wands
 h - a wand of quicksilver (14)
Scrolls
 e - a scroll of fog {unknown}
 f - a scroll of teleportation {unknown}
Potions
 d - a potion of might
 g - 2 potions of mutation {unknown}


   Skills:
 + Level 3.1 Fighting
 + Level 2.2 Long Blades
 + Level 3.0 Armour
 + Level 0.1 Dodging
 + Level 2.9 Shields


You had one spell level left.
You didn't know any spells.
Your spell library was empty.

Dungeon Overview and Level Annotations

Branches:
Dungeon (1/15)

Altars:

Annotations:
D:2 Terence


Innate Abilities, Weirdness & Mutations

You are surrounded by a mild repulsion field. (EV +2)


Message History

Terence is nearby!
Terence barely misses you. Terence hits you with a +0 trident.
You barely miss the adder. Terence hits you with a +0 trident.
The adder bites you. Terence hits you with a +0 trident.
You closely miss the adder. The adder closely misses you.
The adder barely misses you. Terence hits you with a +0 trident.
You are too injured to fight recklessly!
Terence attacks as you move away! Terence hits you with a +0 trident.
* * * LOW HITPOINT WARNING * * *
You block Terence's attack. You block the adder's attack.
The adder attacks as you move away! The adder barely misses you.
The adder attacks as you move away! The adder barely misses you.
The adder attacks as you move away! You block the adder's attack.
The adder barely misses you.
You barely miss the adder. The adder bites you but does no damage.
Terence hits you but does no damage. The adder bites you but does no damage.
You hit the adder.
The adder is moderately wounded.
Terence hits you from afar with a +0 trident.
* * * LOW HITPOINT WARNING * * *
The adder bites you but does no damage. Terence closely misses you.
You closely miss the adder.
The adder is moderately wounded.
The adder bites you but does no damage. x2
Terence hits you from afar with a +0 trident.
* * * LOW HITPOINT WARNING * * *
You miss the adder.
The adder is moderately wounded.
The adder bites you but does no damage. You block Terence's attack.
The adder bites you but does no damage.
You barely miss the adder.
The adder is moderately wounded.
The adder bites you.
* * * LOW HITPOINT WARNING * * *
You are lethally poisoned!
The adder poisons you! You block Terence's attack.
Terence hits you from afar with a +0 trident.
You die...

..... ...........
.....###.#.......
.................
.........#.######
######..#.#
.######..#.#
.......@.#.#
#######S##.# ....
.....##@##.# ....#
#..........#
###.....#
#...#####..###.#.....
...............#...
>.#######.##.#.#####
#.##........
#......### ####...#..
..#####...#.#


You could see Terence and an adder.

Vanquished Creatures
  A worm (D:2)
  An endoplasm (D:1)
  A goblin (D:1)
  3 hobgoblins (D:1)
  2 kobolds (D:1)
  A ball python (D:1)
  4 bats
  9 frilled lizards (D:1)
22 creatures vanquished.

Vanquished Creatures (others)
  7 plants (D:1)
7 creatures vanquished.

Grand Total: 29 creatures vanquished

Notes
Turn   | Place    | Note
-------+----------+-------------------------------------------
     0 | D:1      | acebull12 the Demonspawn Fighter began the quest for the
                  | Orb.
     0 | D:1      | Reached XP level 1. HP: 18/18 MP: 1/1
   174 | D:1      | Gained mutation: You are surrounded by a mild repulsion
                  | field. (EV +2) [demonic ancestry]
   174 | D:1      | Reached XP level 2. HP: 5/24 MP: 2/2
   580 | D:1      | You fall into a shaft and drop 1 floor!
   691 | D:2      | Noticed Terence
   706 | D:2      | HP: 1/24 [adder (3)]
   706 | D:2      | Slain by Terence

Illustrated notes

Levels and vault maps discovered:
D:1:      scummos_arrival_forest, layout_loops_ring, minmay_lizard_king
D:2:      layout_basic, uniq_terence

Skill      XL: |  1  2 |
---------------+-------+-----
Long Blades    | 2 |  2.2
Armour         | 3 |  3.0
Fighting       | |  3.1
Dodging        | |  0.1
Shields        | |  2.9

Action                   || total
-------------------------++-------
Melee: Long sword        ||    67
Armor: Scale mail        ||    32
Dodge: Dodged            ||    21
Block: Buckler           ||    17

Table legend: (Time is in decaauts)
 A = Elapsed time spent in this place.
 B = Non-inter-level travel time spent in this place.
 C = Inter-level travel time spent in this place.
 D = Time resting spent in this place.
 E = Time spent auto-exploring this place.
 F = Levels seen in this place.
 G = Mean time per level.
                   A        B        C        D        E       F      G
               +--------+--------+--------+--------+--------+-----+--------+
         Total |    728 |    728 |      0 |     65 |    511 |   2 |  364.0 |
       Dungeon |    728 |    728 |      0 |     65 |    511 |   2 |  364.0 |
               +--------+--------+--------+--------+--------+-----+--------+

Top non-repeatable levels by time:
     D:1: 598 daAuts
     D:2: 130 daAuts
